 Dungeon Crawl Stone Soup version 0.27.1 (webtiles) character file.

Game seed: 4763003480130304426

3 nxtlvl the Sneak (level 1, -1/19 HPs)
             Began as a Troll Brigand on Aug 31, 2021.
             Slain by Crazy Yiuf (12 damage)
             ... on level 2 of the Dungeon.
             The game lasted 00:01:35 (100 turns).

nxtlvl the Sneak (Troll Brigand)                     Turns: 100, Time: 00:01:36

Health: -1/19      AC:  5    Str: 18    XL:     1   Next: 41%
Magic:  0/0        EV: 18    Int:  7    God:
Gold:   0          SH:  0    Dex: 11    Spells: 0/0 levels left

rFire    + + .     SeeInvis .     - Unarmed
rCold    + + .     Faith    .   (shield currently unavailable)
rNeg     + + +     Spirit   .   (armour currently unavailable)
rPois    ∞         Reflect  .   (helmet currently unavailable)
rElec    +         Harm     .   (cloak currently unavailable)
rCorr    +         Rampage  .   (gloves unavailable)
Will     .....                  (boots unavailable)
Stlth    ++........             (amulet currently unavailable)
HPRegen  1.06/turn              (ring currently unavailable)
MPRegen  0.07/turn              (ring currently unavailable)

@: wisp-form, flying
A: insubstial, flying, no casting, tiny, unfitting armour, (claws 3),
regeneration 1, (shaggy fur 1), (tough skin 1)
a: no special abilities


You were on level 2 of the Dungeon.
You were an insubstantial wisp.
You visited 1 branch of the dungeon, and saw 2 of its levels.

Inventory:

Hand Weapons
 a - a +2 dagger (melded)
Missiles
 d - 8 poisoned darts (quivered)
 e - 2 curare-tipped darts
Armour
 b - a +0 robe (melded)
 c - a +0 cloak (melded)
Scrolls
 f - a scroll of amnesia {unknown}
Potions
 g - a potion of lignification {unknown}


   Skills:
 - Level 1.5 Fighting
 - Level 1.5 Short Blades
 - Level 1.7 Throwing
 - Level 0.7 Dodging
 - Level 2.1 Stealth
 + Level 1.0 Unarmed Combat


You couldn't memorise any spells.
You didn't know any spells.
Your spell library was empty.

Dungeon Overview and Level Annotations

Branches:
Dungeon (2/15)

Altars:

Annotations:
D:2 Crazy Yiuf


Innate Abilities, Weirdness & Mutations

You are an insubstantial wisp.
Your tiny insubstantial body is highly resistant to most damage types.
You are flying.
Your equipment is entirely melded.
You are incapable of wielding weapons or throwing items.
You cannot cast spells.
You are too large for most types of armour.
((You have claws for hands.))
Your natural rate of healing is unusually fast.
((You are covered in fur. (AC +1)))
((You have tough skin. (AC +1)))


Message History

You hit the kobold.
You kill the kobold!
The goblin hits you with a +0 dagger.
Things that are here:
a +0 club; a kobold corpse You closely miss the goblin.
The goblin hits you with a +0 dagger.
You closely miss the goblin. The goblin barely misses you.
You barely miss the goblin. The goblin barely misses you.
You hit the goblin.
The goblin is heavily wounded.
The goblin barely misses you.
You hit the goblin.
You kill the goblin!
You see here a +0 dagger.
A bat comes into view.
The bat hits you but does no damage.
You closely miss the bat. The bat hits you but does no damage.
You hit the bat.
You kill the bat!
Your Unarmed Combat skill increases to level 1!
Found a mace.
Found a runed translucent door.
Okay, then.
Crazy Yiuf shouts!
You open the door.
Crazy Yiuf laughs, "Leather Xom down!"
You barely miss Crazy Yiuf.
Crazy Yiuf zaps a wand.
You resist with significant effort.
You closely miss Crazy Yiuf.
Crazy Yiuf zaps a wand.
You turn into an insubstantial wisp.
Your +2 dagger melds into your body.
Your +0 cloak melds into your body.
Your +0 robe melds into your body.
You touch Crazy Yiuf but do no damage.
Crazy Yiuf hits you with a +2 quarterstaff of chaos!
Ouch! That really hurt!
You barely miss Crazy Yiuf.
Crazy Yiuf grits, "Proton hog noodlescoop!"
Crazy Yiuf closely misses you.
You touch Crazy Yiuf but do no damage.
Crazy Yiuf hits you with a +2 quarterstaff of chaos!
Ouch! That really hurt!
You die...

###### #....##♣♣ ###
#.#..#..♣♣ ♣♣#..)#
####.#......♣♣♣♣vg...#
#....##......♣..♣#...#
#....####...♣.♣♣♣ ###
#....# ##♣♣♣♣♣ ####.#
####.# ))...## ......#
......#


You could see Crazy Yiuf.

Vanquished Creatures
  A goblin (D:2)
  A kobold (D:2)
  A bat (D:2)
3 creatures vanquished.

Notes
Turn   | Place    | Note
-------+----------+-------------------------------------------
     0 | D:1      | nxtlvl the Troll Brigand began the quest for the Orb.
     0 | D:1      | Reached XP level 1. HP: 19/19 MP: 0/0
    85 | D:2      | Reached skill level 1 in Unarmed Combat
    91 | D:2      | Found a runed translucent door.
    92 | D:2      | Noticed Crazy Yiuf
   100 | D:2      | Slain by Crazy Yiuf

Illustrated notes

Levels and vault maps discovered:
D:1:      moated_graveyard_arrival, layout_basic, nrook_campfire
D:2:      layout_basic, basic_altar, minmay_misc_feat_ornament,
          kennysheep_generic_room_14, uniq_crazy_yiuf_cottage

Skill      XL: |  1 |
---------------+----+-----
Unarmed Combat | 1 |  1.0
Fighting       | |  1.5
Short Blades   | |  1.5
Throwing       | |  1.7
Dodging        | |  0.7
Stealth        | |  2.1

Action                   || total
-------------------------++-------
Melee: Dagger            ||    12
       Unarmed           ||     3
Armor: Robe              ||     3
Dodge: Dodged            ||     5
